 Dungeon Crawl Stone Soup version 0.21.1-1-g345015fe64 (webtiles) character file.

82 LevaFresel the Vandal (level 4, -5/30 HPs)
             Began as a Halfling Hunter on June 3, 2018.
             Killed from afar by a white imp (10 damage)
             ... with a puff of frost
             ... summoned by Natasha
             ... on level 2 of the Dungeon.
             The game lasted 00:07:33 (1210 turns).

LevaFresel the Vandal (Halfling Hunter)             Turns: 1210, Time: 00:07:33

Health: -5/30      AC:  6    Str: 13    XL:     4   Next: 70%
Magic:  4/4        EV: 12    Int:  9    God:
Gold:   97         SH:  0    Dex: 15    Spells: 3/3 levels left

rFire    . . .     SeeInvis .   b - +0 short sword
rCold    . . .     Gourm    .   (shield restricted)
rNeg     . . .     Faith    .   l - +0 scale mail
rPois    .         Spirit   .   (no helmet)
rElec    .         Reflect  .   (no cloak)
rCorr    .         Harm     .   (no gloves)
MR       .....                  (no boots)
Stlth    +.........             (no amulet)
HPRegen  0.10/turn              (no ring)
MPRegen  0.09/turn              (no ring)

@: no status effects
A: small, mutation resistance 1
a: no special abilities


You were on level 2 of the Dungeon.
You were hungry.

You visited 1 branch of the dungeon, and saw 2 of its levels.

You collected 97 gold pieces.

Inventory:

Hand Weapons
 a - a +1 hunting sling
 b - a +0 short sword (weapon)
Missiles
 d - 17 sling bullets
 e - 40 stones (quivered)
Armour
 l - a +0 scale mail (worn)
Scrolls
 g - a scroll of amnesia {unknown}
 i - 3 scrolls of enchant armour {unknown}
 j - a scroll of identify {unknown}
 m - a scroll of fear {unknown}
Potions
 c - a potion of resistance {unknown}
 h - a potion of cancellation {unknown}
 k - 2 potions of agility {unknown}
Comestibles
 f - 2 rations


   Skills:
 + Level 2.5 Fighting
 + Level 6.5 Slings
 + Level 3.1 Dodging
 + Level 2.4 Stealth


You had 3 spell levels left.
You didn't know any spells.

Dungeon Overview and Level Annotations

Branches:
Dungeon (2/15)

Altars:
Vehumet

Annotations:
D:2 Natasha


Innate Abilities, Weirdness & Mutations

You are small and have problems with some larger weapons.
You are somewhat resistant to further mutation.


Message History

You hit Natasha but do no damage. The white imp gestures at you.
The puff of frost hits you!
* * * LOW HITPOINT WARNING * * *
Natasha stares at you and mumbles some strange words.
You resist with some effort.
You completely miss Natasha. The white imp completely misses you.
Natasha misses you.
You hit Natasha.
Natasha is lightly wounded.
The white imp picks up a beetle and eats it.
The white imp barely misses you.
Natasha stares at you and mumbles some strange words.
The magic dart hits you!
* * * LOW HITPOINT WARNING * * *
You hit Natasha.
Natasha is heavily wounded.
The white imp gestures at you. The puff of frost hits you!
You die...

.############.####.......#
..... #....#.......# ...#
#######.#.####### ...#
#.........# ...#
#.#####.### ...# #.# ...#
#.# ...# ######.# ...#
#....h@# '### #....5.# .#
#...(..# .# #(..(..# .#
#......# .# ...(...(# .#
..######## .# .# .#


You could see Natasha and a white imp.

Vanquished Creatures
  Terence (D:2)
  An adder (D:2)
  A worm (D:2)
  2 dart slugs (D:1)
  3 giant cockroaches
  5 goblins (D:1)
  9 hobgoblins
  5 kobolds
  A quokka (D:2)
  6 bats
  5 frilled lizards
  A rat (D:1)
40 creatures vanquished.

Vanquished Creatures (others)
  A goblin (D:2)
1 creature vanquished.

Grand Total: 41 creatures vanquished

Notes
Turn   | Place    | Note
-------+----------+-------------------------------------------
     0 | D:1      | LevaFresel the Halfling Hunter began the quest for the Orb.
     0 | D:1      | Reached XP level 1. HP: 14/14 MP: 1/1
    51 | D:1      | Reached skill level 6 in Slings
    51 | D:1      | Reached XP level 2. HP: 19/19 MP: 2/2
   171 | D:1      | Reached XP level 3. HP: 24/24 MP: 3/3
   686 | D:2      | Found a radiant altar of Vehumet.
   695 | D:2      | Noticed Terence
   722 | D:2      | Killed Terence
   722 | D:2      | Reached XP level 4. HP: 8/30 MP: 4/4
  1196 | D:2      | Noticed Natasha
  1210 | D:2      | Killed from afar by a white imp

Skill      XL: |  1  2  3 |
---------------+----------+-----
Slings         | 6 |  6.5
Fighting       | 2 |  2.5
Stealth        | 2 |  2.4
Dodging        | 3 |  3.1

Action                   |  1- 3 |  4- 6 || total
-------------------------+-------+-------++-------
Melee: Short sword       |       |    17 ||    17
 Fire: Hunting sling     |    90 |    35 ||   125
Armor: Leather armour    |     2 |       ||     2
       Scale mail        |       |     8 ||     8
Dodge: Dodged            |    13 |    24 ||    37
